 Seeded DCSS version 0.30-a0-953-g5f1da4a474 (webtiles) character file.

Game seed: 3125986916090331667 (custom seed)

10 Parcival the Trooper (level 2, -1/27 HPs)
             Began as a Minotaur Fighter on Mar 28, 2023.
             Slain by a gnoll
             ... wielding a +0 flail
              (6 damage)
             ... on level 1 of the Dungeon.
             The game lasted 00:01:02 (277 turns).

Parcival the Trooper (Minotaur Fighter)              Turns: 277, Time: 00:01:02

Health: -1/27      AC:  7    Str: 20    XL:     2   Next: 10%
Magic:  1/1        EV:  9    Int:  5    God:
Gold:   27         SH:  0    Dex:  9    Spells: 1/1 levels left

rFire   . . .      SeeInvis .    e - +4 great mace of the Scorpion {flame, Will+}
rCold   . . .      Faith    .    (shield currently unavailable)
rNeg    . . .      Spirit   .    b - +0 scale mail
rPois   .          Reflect  .    (helmet restricted)
rElec   .          Rampage  .    (no cloak)
rCorr   .                        (no gloves)
Will    +....                    (no boots) Stlth
                                 (no amulet)
HPRegen 0.24/turn                (no ring)
MPRegen 0.07/turn                (no ring)

@: no status effects
A: horns 2, retaliatory headbutt
a: no special abilities


You were on level 1 of the Dungeon.
You visited 1 branch of the dungeon, and saw 1 of its levels.

You collected 27 gold pieces.

Inventory:

Hand Weapons
 a - a +0 war axe
 e - the +4 great mace of the Scorpion (weapon) {flame, Will+}
   (You acquired it on level 1 of the Dungeon)

   Will:      It increases your willpower.
Armour
 b - a +0 scale mail (worn)
 c - a +0 buckler
Potions
 d - a potion of might


   Skills:
 + Level 3.9 Fighting
 + Level 2.7 Axes
 + Level 3.8 Armour
 + Level 3.7 Shields


You had one spell level left.
You didn't know any spells.
Your spell library was empty.

Dungeon Overview and Level Annotations

Branches:
Dungeon (1/15)

Altars:


Innate Abilities, Weirdness & Mutations

You have a pair of horns on your head.
You reflexively headbutt those who attack you in melee.


Message History

You thump the kobold! You burn the kobold.
You kill the kobold!
Found 11 gold pieces.
Things that are here:
a +0 short sword; a kobold corpse You now have 11 gold pieces.
You now have 21 gold pieces (gained 10).
A rat comes into view.
A rat is nearby!
You barely miss the rat. The rat barely misses you.
You barely miss the rat. You headbutt the rat.
The rat is severely wounded.
The rat bites you but does no damage. x2
You bludgeon the rat!! You burn the rat.
You kill the rat!
You see here a rat corpse.
A hobgoblin comes into view.
A hobgoblin is nearby!
You barely miss the hobgoblin. The hobgoblin completely misses you.
The hobgoblin hits you.
You sock the hobgoblin! You burn the hobgoblin.
You kill the hobgoblin!
You have reached level 2!
You see here a hobgoblin corpse.
You now have 27 gold pieces (gained 6).
An endoplasm comes into view.
An endoplasm is nearby!
A gnoll comes into view. It is wielding a +0 flail.
Found a spear.
The gnoll shouts!
You sock the endoplasm! You burn the endoplasm.
You kill the endoplasm!
The gnoll hits you with a +0 flail! The gnoll hits you with a +0 flail!
The gnoll misses you. The gnoll attacks as you move away!
The gnoll hits you with a +0 flail!
* * * LOW HITPOINT WARNING * * *
A gnoll is nearby!
You barely miss the gnoll. The gnoll hits you with a +0 flail.
You die...

..##.###>###....
#.###### ####.....#
.. #......# #####.#
#......# #.#
#......# #.#
########.....#
#.####
......#.....#
#......
##.##.###.###
#.......#...#.###.#
#.# #..)@g.......#
............#####
####........#
#........#
...###.#### ####
###


You could see a gnoll.

Vanquished Creatures
  2 endoplasms (D:1)
  2 goblins (D:1)
  A hobgoblin (D:1)
  2 kobolds (D:1)
  A ball python (D:1)
  2 rats (D:1)
10 creatures vanquished.

Notes
Turn   | Place    | Note
-------+----------+-------------------------------------------
     0 | D:1      | Parcival the Minotaur Fighter began the quest for the Orb.
     0 | D:1      | Reached XP level 1. HP: 19/19 MP: 0/0
    33 | D:1      | Identified a scroll of acquirement
    33 | D:1      | Acquired the +4 great mace of the Scorpion {flame, Will+}
   235 | D:1      | Reached XP level 2. HP: 25/27 MP: 1/1
   277 | D:1      | Slain by a gnoll

Illustrated notes

Levels and vault maps discovered:
D:1:      amcnicky_arrival_single_pillar, layout_loops_cross,
          hangedman_glass_garden

Action                     || total
---------------------------++-------
  Melee: Great mace        ||    13
         War axe           ||     6
         Headbutt          ||     2
    Use: Scroll            ||     1
 Armour: Scale mail        ||    18
  Dodge: Dodged            ||    17
  Block: Buckler           ||     2

Table legend: (Time is in decaauts)
 A = Elapsed time spent in this place.
 B = Non-inter-level travel time spent in this place.
 C = Inter-level travel time spent in this place.
 D = Time resting spent in this place.
 E = Time spent auto-exploring this place.
 F = Levels seen in this place.
 G = Mean time per level.
                   A        B        C        D        E       F      G
               +--------+--------+--------+--------+--------+-----+--------+
         Total |    286 |    286 |      0 |      0 |    183 |   1 |  286.0 |
       Dungeon |    286 |    286 |      0 |      0 |    183 |   1 |  286.0 |
               +--------+--------+--------+--------+--------+-----+--------+

Top non-repeatable levels by time:
     D:1: 286 daAuts
